 Dungeon Crawl Stone Soup version 0.30.1-4-g462c640d31 (webtiles) character file.

Game seed: 890295586529466319

2950 Logoto the Magician (level 9, 0/68 HPs)
             Began as a White Draconian Fire Elementalist on Aug 20, 2023.
             Was a Follower of Qazlal.
             Succumbed to a killer bee's poison
             ... on level 8 of the Dungeon on Aug 21, 2023.
             The game lasted 00:35:38 (8790 turns).

Logoto the Magician (DrFE)                          Turns: 8790, Time: 00:35:39

Health: 0/68       AC: 11    Str: 13    XL:     9   Next: 51%
Magic:  18/20      EV: 13    Int: 18    God:    Qazlal [*.....]
Gold:   282        SH:  2    Dex: 11    Spells: 20/23 levels left

rFire   . . .        D - +4 long sword
rCold   + . .        (no shield)
rNeg    . . .        (body armour unavailable)
rPois   .            (helmet restricted)
rElec   .            m - +2 cloak
rCorr   .            q - +0 pair of gloves
SInv    +            (no boots)
Will    .....        (no amulet)
Stlth   ++           d - ring of see invisible
HPRegen 0.31/turn    r - +4 ring of slaying
MPRegen 0.17/turn

%: no passive effects
@: lethally poisoned (0 -> -7), attractive
A: breathe frost, AC +7, unfitting armour, cold resistance 1, cold-blooded
a: Breathe Frost, Renounce Religion


You were on level 8 of the Dungeon.
You worshipped Qazlal.
Qazlal was aware of your devotion.
You visited 2 branches of the dungeon, and saw 9 of its levels.

You collected 282 gold pieces.

Inventory:

Hand Weapons
 u - a +1 short sword of draining
 x - a +1 heavy quarterstaff
 C - a +2 battleaxe
 D - a +4 long sword (weapon)
 E - a +4 mace of freezing
Missiles
 g - 90 stones
Armour
 m - a +2 cloak (worn)
 q - a +0 pair of gloves (worn)
Magical Staves
 l - a staff of cold
Jewellery
 d - a ring of see invisible (left hand)
 r - a +4 ring of slaying (right hand)
Wands
 j - a wand of paralysis (4)
 y - a wand of roots (22)
Scrolls
 c - a scroll of acquirement {unknown}
 e - a scroll of noise {unknown}
 f - 6 scrolls of teleportation
 n - 2 scrolls of magic mapping {unknown}
 p - 2 scrolls of enchant weapon {unknown}
 s - 7 scrolls of identify
 t - 3 scrolls of fear {unknown}
 v - 2 scrolls of enchant armour {unknown}
Potions
 a - a potion of magic
 b - a potion of brilliance {unknown}
 h - a potion of attraction
 i - 3 potions of flight
 k - a potion of lignification {unknown}
 o - 3 potions of curing
 w - a potion of invisibility {unknown}
 z - a potion of might {unknown}
 B - a potion of haste {unknown}


   Skills:
 + Level 2.6 Fighting
 + Level 3.0(3.1) Short Blades
 + Level 1.2(2.3) Long Blades
 + Level 0.2 Maces & Flails
 + Level 3.8 Dodging
 + Level 3.2 Stealth
 + Level 0.1 Unarmed Combat
 + Level 7.8 Spellcasting
 + Level 3.4 Conjurations
 + Level 6.5 Fire Magic


You had 20 spell levels left.
You knew the following spells:

 Your Spells              Type           Power      Damage    Failure   Level
a - Foxfire               Conj/Fire      100%       2x1d9     1%          1
b - Scorch                Fire           60%        2d8       1%          2

Your spell library contained the following spells:

 Spells                   Type           Power      Damage    Failure   Level
 Inner Flame              Hex/Fire       18%        N/A       8%          3
 Volatile Blastmotes      Fire/Tloc      36%        2d13      8%          3
 Apportation              Tloc           14%        N/A       10%         1
 Beastly Appendage        Tmut           14%        N/A       10%         1
 Flame Wave               Conj/Fire      25%        2d8       13%         4
 Poisonous Vapours        Pois/Air       14%        N/A       16%         2
 Wereblood                Tmut           7%         N/A       16%         2
 Mephitic Cloud           Conj/Pois/Air  11%        N/A       19%         3
 Spider Form              Tmut/Pois      7%         N/A       30%         3
 Freezing Cloud           Conj/Ice/Air   5%         6-21      86%         5
 Alistair's Intoxication  Tmut/Pois      4%         N/A       95%         5


Dungeon Overview and Level Annotations

Branches:
Dungeon (8/15)             Temple (1/1) D:6            Lair (0/5) D:8

Altars:
Ashenzari
Cheibriados
Dithmenos
Elyvilon
Fedhas
Gozag
Hepliaklqana
Makhleb
Okawaru
Qazlal
Ru
Sif Muna
Trog
Uskayaw
Vehumet
Wu Jian
Xom
Yredelemnul
Zin
The Shining One

Shops:
D:2 :   D:3 (   D:4 (

Annotations:
D:8 Joseph


Innate Abilities, Weirdness & Mutations

You can breathe waves of freezing cold which knock back foes.
Your icy white scales are hard. (AC +7)
You cannot fit into any form of body armour.
Your flesh is cold resistant. (rC+)
You are cold-blooded and may be slowed by cold attacks.


Message History

The electric eel shoots out a bolt of lightning at you!
The bolt of electricity hits you!
* * * LOW HITPOINT WARNING * * *
The bolt of electricity hits you.
* * * LOW HITPOINT WARNING * * *
As you read the scroll of teleportation, it crumbles to dust.
You feel strangely unstable.
The electric eel shoots out a bolt of lightning at you!
The bolt of electricity misses you.
Joseph shoots a sling bullet.
The sling bullet hits you.
* * * LOW HITPOINT WARNING * * *
It was a potion of attraction.
You feel attractive to monsters.
The electric eel is attracted toward you.
The electric eel shoots out a bolt of lightning at you!
The bolt of electricity hits you.
* * * LOW HITPOINT WARNING * * *
Your surroundings suddenly seem different.
Found a leather armour.
The killer bee is attracted toward you. x3
A killer bee comes into view.
The killer bee buzzes angrily. x3
You block the killer bee's attack. The killer bee barely misses you.
The killer bee is attracted toward you. The killer bee stings you.
* * * LOW HITPOINT WARNING * * *
The killer bee closely misses you.
The killer bee stings you but does no damage.
The killer bee barely misses you.
The killer bee attacks as you move away!
The killer bee stings you but does no damage.
The killer bee closely misses you. The killer bee misses you.
The killer bee barely misses you. The killer bee stings you.
* * * LOW HITPOINT WARNING * * *
You are lethally poisoned!
The killer bee poisons you! The killer bee closely misses you.
A killer bee comes into view.
The killer bee is attracted toward you.
There is a stone staircase leading down here.
You die...

......#.........^# #..###...
...#.##...§§....### #.##.....
..##.##...........# #........
...#.##.........#####+#########..
...#..##...###y.#....(..# #..
...##.##.### #...°......# #..
...##..#.#####.(.....8..+ #..
..........[#..yyyy......# ###
..######.....#.#@.......# ### .##
#..........#.####+### #..
###......(.#......# ###
#.#.............#
#.....y.).......#
#..####..>......# .... .........#
... .........# ..........


You could see 5 killer bees.

Vanquished Creatures
  Grinder (D:5)
  Duvessa (D:5)
  A water moccasin (D:4)
  An orc warrior (D:7)
  2 ice beasts
  A centaur (D:8)
  An ogre (D:6)
  2 phantoms (D:5)
  Blork the orc (D:5)
  3 kobold brigands
  3 bullfrogs (D:7)
  2 scorpions
  3 wights (D:7)
  Dowan (D:5)
  A killer bee (D:8)
  5 howler monkeys
  A jelly (D:6)
  5 orc priests
  3 hounds
  2 sleepcaps (D:6)
  An iguana (D:6)
  6 orc wizards
  Ijyb (D:3)
  Natasha (thrice) (D:4 D:5)
  12 gnolls
  12 adders
  2 ufetubi (D:7)
  A worm (D:5)
  2 dart slugs
  23 orcs
  7 ball pythons
  5 bats
  6 endoplasms
  A giant cockroach (D:3)
  6 goblins
  7 hobgoblins
  9 jackals
  22 kobolds
  3 quokkas
  A frilled lizard (D:3)
  8 rats
178 creatures vanquished.

Vanquished Creatures (others)
  326 foxfires
326 creatures vanquished.

Grand Total: 504 creatures vanquished

Notes
Turn   | Place    | Note
-------+----------+-------------------------------------------
     0 | D:1      | Logoto the Draconian Fire Elementalist began the quest for
                  | the Orb.
     0 | D:1      | Reached XP level 1. HP: 14/14 MP: 3/3
   210 | D:1      | Reached XP level 2. HP: 14/20 MP: 1/5
   766 | D:1      | Reached XP level 3. HP: 26/26 MP: 6/6
  1253 | D:2      | Found Iruyhuce's Book Emporium.
  1418 | D:2      | Reached XP level 4. HP: 30/34 MP: 3/7
  1565 | D:2      | Learned a level 2 spell: Scorch
  1867 | D:2      | Found a burning altar of Makhleb.
  2338 | D:3      | Reached skill level 1 in Fighting
  2338 | D:3      | Reached skill level 1 in Short Blades
  2338 | D:3      | Reached XP level 5. HP: 36/40 MP: 6/9
  2441 | D:3      | Found Otaittit's Weapon Boutique.
  2763 | D:4      | Reached skill level 3 in Spellcasting
  2966 | D:4      | Noticed Ijyb
  2983 | D:3      | Paralysed by Ijyb for 4 turns
  2992 | D:3      | Paralysed by Ijyb for 3 turns
  3000 | D:3      | Killed Ijyb
  3001 | D:3      | Reached XP level 6. HP: 44/47 MP: 1/10
  3194 | D:4      | Noticed Natasha
  3207 | D:4      | Found Qoivvire's Firing Range.
  3213 | D:4      | Killed Natasha
  3335 | D:4      | Noticed Natasha
  3465 | D:4      | Killed Natasha
  3570 | D:4      | Noticed Duvessa
  3570 | D:4      | Noticed Dowan
  3649 | D:4      | Noticed Natasha
  3649 | D:4      | Noticed a water moccasin
  3654 | D:4      | Killed a water moccasin
  3655 | D:4      | Reached skill level 4 in Spellcasting
  3662 | D:5      | Entered Level 5 of the Dungeon
  3663 | D:5      | Killed Natasha
  3664 | D:5      | Your scales start taking on an icy white colour.
  3664 | D:5      | Reached XP level 7. HP: 45/52 MP: 0/13
  3664 | D:5      | Gained mutation: Your flesh is cold resistant. (rC+) [White
                  | Draconian growth]
  4299 | D:5      | Found a snail-covered altar of Cheibriados.
  4689 | D:5      | Noticed Blork the orc
  4700 | D:5      | Killed Blork the orc
  4834 | D:5      | Killed Dowan
  4851 | D:5      | Killed Duvessa
  4852 | D:5      | Reached skill level 5 in Spellcasting
  5589 | D:5      | Reached XP level 8. HP: 47/61 MP: 1/16
  5691 | D:5      | Noticed Grinder
  5752 | D:6      | Reached skill level 6 in Spellcasting
  5852 | D:6      | Reached skill level 5 in Fire Magic
  6111 | D:5      | Paralysed by Grinder for 2 turns
  6117 | D:5      | Killed Grinder
  6578 | D:6      | Found a staircase to the Ecumenical Temple.
  6591 | Temple   | Entered the Ecumenical Temple
  6801 | Temple   | Became a worshipper of Qazlal Stormbringer
  6890 | D:6      | Reached skill level 7 in Spellcasting
  7092 | D:6      | Reached XP level 9. HP: 62/67 MP: 13/19
  7345 | D:7      | Found a shimmering blue altar of Sif Muna.
  7634 | D:7      | Reached * piety under Qazlal
  7911 | D:7      | Found a hide-covered altar of Uskayaw.
  7989 | D:7      | Reached skill level 1 in Long Blades
  8350 | D:8      | Found a staircase to the Lair.
  8761 | D:8      | Found an iron altar of Okawaru.
  8767 | D:8      | Noticed Joseph
  8789 | D:8      | HP: 2/68 [killer bee (4)]
  8790 | D:8      | Succumbed to a killer bee's poison

Illustrated notes

Levels and vault maps discovered:
D:1:      nagdon_arrival_double_spiral, layout_loops_ring
D:2:      layout_basic, basic_altar, serial_shops, shop,
          chequers_serial_rivers_micro_c
D:3:      layout_rooms, serial_shops, nicolae_shop_bloodbath_and_beyond
D:4:      layout_gridville, nicolae_shop_firing_range, uniq_natasha,
          uniq_duvessa, uniq_ijyb
D:5:      layout_gridville, chei_slow_surprise, uniq_grinder, uniq_blork_the_orc
D:6:      layout_rooms, minmay_temple_entry_trees, grunt_ministairs_1
D:7:      layout_gridville, mainiacjoe_overflow_alcove_4, lemuel_round_altar,
          chequers_serial_rivers_micro_d
D:8:      layout_rooms, nemelex_xobeh_ov_fountains_minmay,
          nicolae_overflow_squiral, lair_entry_dummy, minmay_three_doors,
          uniq_joseph
Temple:   nicolae_temple_slightly_damp_pantheon

Skill      XL: |  1  2  3  4  5  6  7  8  9 |
---------------+----------------------------+-----
Dodging        | 2 3 |  3.8
Stealth        | 2 3 |  3.2
Fire Magic     | 4 5 6 |  6.5
Fighting       | 1 2 |  2.6
Short Blades   | 1 2 3 |  3.0
Spellcasting   | 3 4 5 7 |  7.8
Conjurations   | 2 3 |  3.4
Long Blades    | 1 |  1.2
Maces & Flails | |  0.2
Unarmed Combat | |  0.1

Action                     |  1- 3 |  4- 6 |  7- 9 || total
---------------------------+-------+-------+-------++-------
  Melee: Unarmed           |    11 |       |       ||    11
         Tailslap          |     9 |     5 |    14 ||    28
         Whip              |    22 |       |       ||    22
         Dagger            |    29 |    46 |     6 ||    81
         Short sword       |       |       |    93 ||    93
         Punch             |       |       |     3 ||     3
         Long sword        |       |       |    41 ||    41
   Cast: Foxfire           |    41 |    71 |    92 ||   204
         Scorch            |       |    13 |    78 ||    91
    Use: Scroll            |       |       |     3 ||     3
         Potion            |       |       |     1 ||     1
   Stab: Sleeping          |     1 |     3 |     2 ||     6
         Distracted        |       |       |     1 ||     1
 Armour: Skin              |    44 |    26 |    96 ||   166
  Dodge: Dodged            |   102 |    48 |   164 ||   314
  Block: Other             |       |       |     3 ||     3
